 Dungeon Crawl Stone Soup version 0.20.1-1-g8b1a95d (webtiles) character file.

11323 Golfball the Fighter (level 11, -1/73 HPs)
             Began as a Gargoyle Fighter on Aug 29, 2017.
             Was an Initiate of Gozag.
             Slain by Dylgear's ghost (9 damage)
             ... on level 11 of the Dungeon.
             The game lasted 00:44:30 (12060 turns).

Golfball the Fighter (Gargoyle Fighter)            Turns: 12060, Time: 00:44:30

Health: -1/73      AC: 25    Str: 20    XL:     11   Next: 75%
Magic:  13/13      EV: 10    Int:  9    God:    Gozag
Gold:   1928       SH: 10    Dex: 12    Spells: 10/10 levels left

rFire    . . .     SeeInvis .   G - +5 hand axe
rCold    . . .     Gourm    .   c - +0 shield
rNeg     + + .     Faith    .   H - +5 ring mail of Roetaara {rN+}
rPois    ∞         Spirit   .   (no helmet)
rElec    +         Reflect  .   D - +1 cloak
rCorr    .         Harm     .   (no gloves)
MR       .....                  (no boots)
Stlth    ++........             i - amulet of magic regeneration
Regen    0.3/turn               r - +3 ring of protection
MPRegen  0.2/turn               I - ring of stealth

@: no status effects
A: negative energy resistance 1, electricity resistance, unbreathing,
petrification resistance, rot immunity, AC +7
a: Potion Petition, Call Merchant, Bribe Branch, Renounce Religion


You were on level 11 of the Dungeon.
You worshipped Gozag.
Gozag was most pleased with you.
You were full.

You visited 1 branch of the dungeon, and saw 11 of its levels.
You also visited: Ossuary.

You collected 2394 gold pieces.
You spent 441 gold pieces at shops.
You paid 25 gold pieces to Gozag.

Inventory:

Hand Weapons
 l - a +1 blowgun
 x - the +3 mace of Lenton {drain, rF+}
   (You found it on level 7 of the Dungeon)

   A truly terrible weapon, it drains the life of those it strikes.
   It protects you from fire.
 B - a +3 flail
 G - a +5 hand axe (weapon)
Missiles
 o - 48 poisoned needles
Armour
 b - a +0 scale mail
 c - a +0 shield (worn)
 p - a +2 ring mail of cold resistance
 D - a +1 cloak (worn)
 H - the +5 ring mail of Roetaara (worn) {rN+}
   (You found it on level 8 of the Dungeon)

   It protects you from negative energy.
Jewellery
 i - an amulet of magic regeneration (around neck)
 r - a +3 ring of protection (left hand)
 u - an uncursed ring of protection from fire
 I - a ring of stealth (right hand)
Wands
 C - a wand of random effects (12/48)
 J - a wand of lightning (0/15)
Scrolls
 a - a scroll of blinking
 g - 9 scrolls of remove curse
 q - 3 scrolls of magic mapping
 s - 4 scrolls of amnesia
 v - 3 scrolls of teleportation
 y - 4 scrolls of fear
Potions
 d - 2 potions of might
 e - 2 potions of invisibility
 h - 3 potions of flight
 k - 3 potions of haste
 m - 6 potions of agility
 n - 6 potions of curing
 t - a potion of heal wounds
 z - 2 potions of ambrosia
 A - a potion of lignification
 E - a potion of brilliance
 F - 3 potions of mutation
Comestibles
 f - 13 bread rations
 j - 2 royal jellies
 w - 5 fruits


   Skills:
 + Level 10.6 Fighting
 + Level 0.0(5.3) Axes
 + Level 9.4 Maces & Flails
 - Level 5.2 Throwing
 + Level 10.2 Armour
 - Level 3.4 Dodging
 + Level 0.0 Stealth
 + Level 6.2 Shields
 + Level 2.8 Evocations


You had 10 spell levels left.
You didn't know any spells.

Dungeon Overview and Level Annotations

Branches:
Dungeon (11/15)            Temple (0/1) D:7            Lair (0/6) D:8
    Orc (0/2) D:9

Altars:
Ashenzari
Cheibriados
Elyvilon
Gozag
Hepliaklqana
Makhleb
Nemelex Xobeh
Qazlal
Trog
Vehumet
Xom
Yredelemnul

Shops:
D:9 (

Annotations:
D:11 Dylgear's ghost, journeyman MiBe


Innate Abilities, Weirdness & Mutations

You are resistant to torment.
Your stone body is resilient. (AC +7)
You are immune to poison.
You resist negative energy. (rN+)
You are resistant to electric shocks. (rElec)
You can survive without breathing.
You are immune to petrification.
You are immune to rotting.


Message History

* * * LOW HITPOINT WARNING * * *
You hit Dylgear's ghost but do no damage.
Dylgear's ghost is severely damaged.
Dylgear's ghost hits you but does no damage.
You hit Dylgear's ghost but do no damage.
Dylgear's ghost is heavily damaged.
Dylgear's ghost hits you but does no damage.
You block Dylgear's ghost's attack.
You completely miss Dylgear's ghost.
Dylgear's ghost is heavily damaged.
Dylgear's ghost yells, "Who would have thought, even in death it is a pleasure to sever!"
You block Dylgear's ghost's attack.
You closely miss Dylgear's ghost.
Dylgear's ghost is heavily damaged.
You block Dylgear's ghost's attack.
You hit Dylgear's ghost.
Dylgear's ghost is severely damaged.
Dylgear's ghost hits you!
You die...
Your body crumbles into a pile of gold.

............#.## ..##
#...........# .....
#...........# ......
##..........## #..#..
#...........#
......####...........######
........>..#..............#
.....................####.#
.......[[W@........#.......
......#..........#########.
..... #..........# ## ....
#..........# ...
############ .. .


You could see Dylgear's ghost.

Vanquished Creatures
  4 two-headed ogres
  Pikel (D:8)
  A merfolk (D:9)
  A troll (D:9)
  3 hippogriffs
  Sigmund (D:3)
  A vampire (D:11)
  A spriggan (D:9)
  A wyvern (D:10)
  Grum (D:10)
  2 hungry ghosts
  A human (D:10)
  A hornet zombie (D:7)
  5 orc warriors
  2 sky beasts
  3 ice beasts
  A black bear (D:9)
  2 phantoms
  4 ogres
  A wolf (D:10)
  4 centaurs
  2 big kobolds (D:7)
  An elf zombie (Ossuary)
  2 gnoll sergeants
  A wyvern zombie (D:9)
  5 bullfrogs
  A water moccasin zombie (D:6)
  5 scorpions
  16 killer bees
  18 wights
  2 howler monkeys
  2 crimson imps
  5 hounds
  A bullfrog zombie (D:6)
  3 centaur zombies
  A jelly (D:9)
  2 orc priests (D:9)
  2 human zombies (Ossuary)
  Crazy Yiuf (D:7)
  3 bullfrog skeletons
  A centaur skeleton (D:9)
  Jessica (D:3)
  13 orc wizards
  Terence (D:3)
  2 iguanas
  5 worker ants
  A killer bee zombie (D:7)
  A big kobold zombie (Ossuary)
  A hound zombie (Ossuary)
  A hound skeleton (D:8)
  4 mummies
  3 worker ant zombies
  7 gnolls
  A howler monkey skeleton (D:10)
  14 adders
  2 shadow imps
  7 adder zombies
  An adder skeleton (D:3)
  4 worms (D:2)
  5 dart slugs
  5 leopard geckos
  36 orcs
  2 giant cockroaches
  3 gnoll zombies (Ossuary)
  4 goblins (D:1)
  8 hobgoblins
  4 jackals (D:2)
  18 kobolds
  4 quokkas
  2 ball pythons
  9 bats
  5 frilled lizards
  A goblin zombie (Ossuary)
  3 hobgoblin zombies (Ossuary)
  A jackal skeleton (D:6)
  4 jackal zombies (Ossuary)
  5 kobold zombies (Ossuary)
  A leopard gecko zombie (D:7)
  An orc zombie (Ossuary)
  4 quokka zombies (Ossuary)
  8 rats
  3 rat zombies (Ossuary)
320 creatures vanquished.

Vanquished Creatures (others)
  A slave (D:8)
  A centaur (D:8)
  A leopard gecko (D:8)
3 creatures vanquished.

Grand Total: 323 creatures vanquished

Notes
Turn   | Place    | Note
-------+----------+-------------------------------------------
     0 | D:1      | Golfball the Gargoyle Fighter began the quest for the Orb.
     0 | D:1      | Reached XP level 1. HP: 14/14 MP: 1/1
   295 | D:1      | Reached XP level 2. HP: 19/19 MP: 2/2
   656 | D:1      | Reached XP level 3. HP: 24/24 MP: 3/3
  1109 | D:2      | Reached XP level 4. HP: 28/29 MP: 4/4
  1497 | D:2      | Found an opulent altar of Gozag.
  1497 | D:2      | Found a sparkling altar of Nemelex Xobeh.
  1518 | D:2      | Found a radiant altar of Vehumet.
  1567 | D:2      | Found a burning altar of Makhleb.
  1641 | D:2      | Found a faded altar of an unknown god.
  1641 | D:2      | Found a snail-covered altar of Cheibriados.
  1646 | D:2      | Found a bloodstained altar of Trog.
  1648 | D:2      | Found a faded altar of an unknown god.
  1649 | D:2      | Found a stormy altar of Qazlal.
  1777 | D:2      | Became a worshipper of Gozag Ym Sagoz the Greedy
  2007 | D:3      | Reached XP level 5. HP: 26/34 MP: 5/5
  2627 | D:3      | Noticed Jessica
  2631 | D:3      | Killed Jessica
  2680 | D:3      | Noticed Sigmund
  2691 | D:3      | Killed Sigmund
  2691 | D:3      | Reached skill level 5 in Fighting
  2691 | D:3      | Reached XP level 6. HP: 36/40 MP: 6/6
  2817 | D:3      | Noticed Terence
  2825 | D:3      | Killed Terence
  2825 | D:3      | Reached skill level 5 in Armour
  3023 | D:4      | Reached XP level 7. HP: 32/44 MP: 7/7
  3348 | D:4      | Found a basalt altar of Yredelemnul.
  3432 | D:4      | Found a white marble altar of Elyvilon.
  3668 | D:4      | Found Rastiest's Food Shoppe.
  3673 | D:4      | Bought 2 fruits for 42 gold pieces
  3673 | D:4      | Bought 3 fruits for 63 gold pieces
  3673 | D:4      | Bought a bread ration for 70 gold pieces
  3673 | D:4      | Bought a royal jelly for 28 gold pieces
  3673 | D:4      | Bought a royal jelly for 28 gold pieces
  3673 | D:4      | Bought a meat ration for 70 gold pieces
  3815 | D:5      | Entered Level 5 of the Dungeon
  3891 | D:5      | Found a sand-covered staircase.
  3967 | Ossuary  | Entered an ossuary
  4047 | Ossuary  | Reached skill level 5 in Maces & Flails
  4525 | Ossuary  | Reached skill level 1 in Throwing
  4542 | Ossuary  | Reached XP level 8. HP: 49/51 MP: 8/8
  5118 | D:5      | Reached skill level 5 in Shields
  5868 | D:6      | Reached XP level 9. HP: 54/57 MP: 9/9
  5995 | D:6      | Reached skill level 1 in Dodging
  6353 | D:7      | Got a bloodstained ring mail
  6364 | D:7      | Identified the +3 ring mail of the Cuttlefish {Str+7} (You found it on level 7 of the Dungeon)
  6425 | D:7      | Found a shattered altar of Ashenzari.
  6564 | D:7      | Found a staircase to the Ecumenical Temple.
  6793 | D:7      | Found a shimmering altar of Xom.
  6794 | D:7      | Found a hazy altar of Hepliaklqana.
  6795 | D:7      | Noticed a spectral ugly thing
  7101 | D:7      | Found a runed door.
  7104 | D:7      | Got a slimy mace
  7105 | D:7      | Identified the +3 mace of Lenton {drain, rF+} (You found it on level 7 of the Dungeon)
  7107 | D:7      | Noticed Crazy Yiuf
  7110 | D:7      | Killed Crazy Yiuf
  7380 | D:7      | Reached XP level 10. HP: 49/65 MP: 10/10
  7821 | D:8      | Noticed Pikel
  7835 | D:8      | Killed Pikel
  7916 | D:8      | Found a stormy altar of Qazlal.
  8136 | D:8      | Found a staircase to the Lair.
  8272 | D:8      | Got a distressingly furry ring mail
  8283 | D:8      | Identified the +5 ring mail of Roetaara {rN+} (You found it on level 8 of the Dungeon)
  8640 | D:9      | Found Batopsun's Antique Weapon Emporium.
  9139 | D:9      | Found a staircase to the Orcish Mines.
  9711 | D:9      | Reached XP level 11. HP: 35/72 MP: 11/11
  9893 | D:9      | Noticed a two-headed ogre
  9930 | D:9      | Killed a two-headed ogre
  9930 | D:9      | Reached skill level 10 in Fighting
  9930 | D:9      | Reached skill level 5 in Throwing
 10054 | D:9      | Noticed a two-headed ogre
 10069 | D:9      | Killed a two-headed ogre
 10275 | D:8      | Noticed a two-headed ogre
 10294 | D:8      | Killed a two-headed ogre
 10294 | D:8      | Reached skill level 1 in Evocations
 10401 | D:4      | Bought a bread ration for 70 gold pieces
 10401 | D:4      | Bought a meat ration for 70 gold pieces
 10603 | D:10     | Entered Level 10 of the Dungeon
 10605 | D:10     | Noticed a two-headed ogre
 10619 | D:10     | Killed a two-headed ogre
 10619 | D:10     | Reached skill level 10 in Armour
 11243 | D:10     | Noticed Grum
 11254 | D:10     | Killed Grum
 11658 | D:11     | Noticed Dylgear's ghost (journeyman MiBe)
 12060 | D:11     | Slain by Dylgear's ghost

Skill      XL: |  1  2  3  4  5  6  7  8  9 10 11 |
---------------+----------------------------------+-----
Maces & Flails | 3 4 5 6 7 8 9 |  9.4
Fighting       | 4 5 6 7 8 9 10 | 10.6
Armour         | 4 5 6 8 9 10 | 10.2
Shields        | 4 5 6 |  6.2
Throwing       | 1 3 4 5 |  5.2
Dodging        | 3 |  3.4
Evocations     | 2 |  2.8

Action                   |  1- 3 |  4- 6 |  7- 9 | 10-12 || total
-------------------------+-------+-------+-------+-------++-------
Melee: Flail             |   127 |   229 |   696 |     7 ||  1059
       Mace              |       |       |    45 |   569 ||   614
       Hand axe          |       |       |       |    24 ||    24
 Fire: Blowgun           |       |     4 |     3 |     6 ||    13
Invok: Potion Petition   |       |       |     1 |       ||     1
Evoke: Wand              |       |       |       |     5 ||     5
  Use: Scroll            |     4 |     3 |    12 |     7 ||    26
       Potion            |       |       |       |     3 ||     3
 Stab: Distracted        |       |     2 |       |     4 ||     6
  Eat: Chunk             |     1 |     2 |       |       ||     3
       Meat ration       |       |     1 |     3 |     2 ||     6
       Fruit             |       |       |     2 |     3 ||     5
       Royal jelly       |       |       |     1 |     4 ||     5
Armor: Scale mail        |    61 |    53 |       |       ||   114
       Ring mail         |       |    72 |   408 |   329 ||   809
Dodge: Dodged            |    42 |    67 |   233 |   289 ||   631
Block: Shield            |    70 |   109 |   397 |   356 ||   932
